| TOP OF THE 1ST |
|
Brockton Rox batting - Pitching for New Jersey Devils : RHP Adrian Colorado
|
|
Pitching: RHP Adrian Colorado
|
|
|
Batting: RHB Sal Rivera
|
0-0: Called Strike 0-1: DOUBLE (Flyball, 89D, EV 105.0 MPH)
|
|
Batting: LHB John Buff
|
0-0: Ball Sal Rivera steals 3rd base 1-0: Called Strike 1-1: Ball 2-1: Called Strike 2-2: Foul Ball, location: 2F 2-2: Foul Ball, location: 2F 2-2: Ball 3-2: Base on Balls
|
|
Batting: RHB Jim Hubbard
|
0-0: Ball John Buff steals 2nd base 1-0: Ball 2-0: Ball 3-0: Called Strike 3-1: Foul Ball, location: 2F 3-2: Strikes out looking
|
|
Batting: LHB Carlos Guerra
|
0-0: Ball 1-0: Ball 2-0: Ball 3-0: Called Strike 3-1: Swinging Strike 3-2: Base on Balls
|
|
Batting: LHB Danny Montoya
|
0-0: GRAND SLAM HOME RUN (Line Drive, 89XD, EV 103.8 MPH), Distance : 410 ft
|
|
Batting: RHB Ted Emmerich
|
0-0: Called Strike 0-1: Foul Ball, location: 2F 0-2: Foul Ball, location: 2F 0-2: Ball 1-2: Foul Ball, location: 2F 1-2: Ball 2-2: Strikes out swinging
|
|
Batting: RHB Alex Melendez
|
0-0: Ball 1-0: Ball 2-0: Ball 3-0: Called Strike 3-1: Fly out, F9 (Line Drive, 9, EV 94.4 MPH)
|
| Top of the 1st over - 4 runs, 2 hits, 0 errors, 0 left on base; Brockton 4 - New Jersey 0 |
| BOTTOM OF THE 1ST |
|
New Jersey Devils batting - Pitching for Brockton Rox : RHP Mike Goodwin
|
|
Pitching: RHP Mike Goodwin
|
|
|
Batting: RHB Larry Shoop
|
0-0: Called Strike 0-1: Foul Ball, location: 2F 0-2: Ball 1-2: Ball 2-2: Ball 3-2: Foul Ball, location: 2F 3-2: Base on Balls
|
|
Batting: LHB Bayesa Mundhir
|
0-0: Ball 1-0: Called Strike 1-1: Ball 2-1: Ball 3-1: Grounds into double play, 4-6-3 (Groundball, 4, EV 102.5 MPH)
|
|
Batting: RHB Bobby Coulombe
|
0-0: Ball 1-0: Swinging Strike 1-1: Ground out 5-3 (Groundball, 56, EV 86.3 MPH)
|
| Bottom of the 1st over - 0 runs, 0 hits, 0 errors, 0 left on base; Brockton 4 - New Jersey 0 |
| TOP OF THE 2ND |
|
Brockton Rox batting - Pitching for New Jersey Devils : RHP Adrian Colorado
|
|
Batting: RHB Josh Smith
|
0-0: Called Strike 0-1: Foul Ball, location: 2F 0-2: Ball 1-2: Ball 2-2: Foul Ball, location: 2F 2-2: Foul Ball, location: 2F 2-2: Fly out, F4 (Line Drive, 4, EV 70.0 MPH)
|
|
Batting: RHB Travis Campbell
|
0-0: Called Strike 0-1: Swinging Strike 0-2: Foul Ball, location: 2F 0-2: Ball 1-2: Ball 2-2: Ball 3-2: Base on Balls
|
|
Batting: RHB Sal Rivera
|
0-0: Called Strike 0-1: Foul Ball, location: 2F 0-2: Ball 1-2: Reached on error, E6 (Groundball, 6, EV 82.5 MPH) Travis Campbell to second
|
|
Batting: LHB John Buff
|
0-0: Called Strike 0-1: Foul Ball, location: 2F 0-2: Ball 1-2: Ball 2-2: DOUBLE (Line Drive, 7LS, EV 99.4 MPH) Travis Campbell scores Sal Rivera to third Throwing error, E7 Sal Rivera scores John Buff to third
|
|
Batting: RHB Jim Hubbard
|
0-0: Called Strike 0-1: Fly out, F8 (Flyball, 8RXD, EV 103.8 MPH) Runner from 3rd tags up, SCORES, no throw by CF
|
|
Batting: LHB Carlos Guerra
|
0-0: Ball 1-0: Called Strike 1-1: Foul Ball, location: 2F 1-2: SINGLE (Groundball, 34D, EV 99.4 MPH)
|
|
Batting: LHB Danny Montoya
|
Pickoff Throw to First - Out! 1-3
|
| Top of the 2nd over - 3 runs, 2 hits, 2 errors, 0 left on base; Brockton 7 - New Jersey 0 |
| BOTTOM OF THE 2ND |
|
New Jersey Devils batting - Pitching for Brockton Rox : RHP Mike Goodwin
|
|
Batting: RHB Gang-sheng Chew
|
0-0: Called Strike 0-1: Ball 1-1: Called Strike 1-2: Ball 2-2: Ground out 6-3 (Groundball, 56, EV 103.1 MPH)
|
|
Batting: RHB Chris Artz
|
0-0: Called Strike 0-1: Swinging Strike 0-2: Fly out, F9 (Flyball, 89XD, EV 104.4 MPH)
|
|
Batting: LHB Matt Baker
|
0-0: Called Strike 0-1: Ball 1-1: SINGLE (Line Drive, 6M, EV 98.1 MPH)
|
|
Batting: RHB Brian Bonin
|
0-0: Swinging Strike 0-1: Foul Ball, location: 2F 0-2: Ground out 6-3 (Groundball, 4MD, EV 101.9 MPH)
|
| Bottom of the 2nd over - 0 runs, 1 hit, 0 errors, 1 left on base; Brockton 7 - New Jersey 0 |
| TOP OF THE 3RD |
|
Brockton Rox batting - Pitching for New Jersey Devils : RHP Adrian Colorado
|
|
Batting: LHB Danny Montoya
|
0-0: Swinging Strike 0-1: Ball 1-1: Called Strike 1-2: Ball 2-2: Ball 3-2: Strikes out looking
|
|
Batting: RHB Ted Emmerich
|
0-0: Ball 1-0: Ball 2-0: DOUBLE (Flyball, 78D, EV 108.8 MPH)
|
|
Batting: RHB Alex Melendez
|
0-0: Ground out 5-3 (Groundball, 5S, EV 73.1 MPH) Ted Emmerich to third
|
|
Batting: RHB Josh Smith
|
0-0: Fly out, F5 (Popup, 5F, EV 80.6 MPH)
|
| Top of the 3rd over - 0 runs, 1 hit, 0 errors, 1 left on base; Brockton 7 - New Jersey 0 |
| BOTTOM OF THE 3RD |
|
New Jersey Devils batting - Pitching for Brockton Rox : RHP Mike Goodwin
|
|
Batting: SHB Jerry Burrows
|
0-0: DOUBLE (Line Drive, 89D, EV 108.8 MPH)
|
|
Batting: RHB Mike Hanks
|
0-0: Ground out 4-3 (Groundball, 4, EV 85.0 MPH) Jerry Burrows to third
|
|
Batting: RHB Larry Shoop
|
0-0: Ball 1-0: Fly out, F9 (Line Drive, 9, EV 95.6 MPH) Runner from 3rd tags up, OUT at HOME! 9-2
|
| Bottom of the 3rd over - 0 runs, 1 hit, 0 errors, 0 left on base; Brockton 7 - New Jersey 0 |
| TOP OF THE 4TH |
|
Brockton Rox batting - Pitching for New Jersey Devils : RHP Adrian Colorado
|
|
Batting: RHB Travis Campbell
|
0-0: Ball 1-0: Ball 2-0: Called Strike 2-1: Foul Ball, location: 2F 2-2: Foul Ball, location: 2F 2-2: Strikes out swinging
|
|
Batting: RHB Sal Rivera
|
0-0: Foul Ball, location: 2F 0-1: Ball 1-1: Foul Ball, location: 2F 1-2: Fly out, F3 (Line Drive, 3, EV 66.9 MPH)
|
|
Batting: LHB John Buff
|
0-0: Called Strike 0-1: Ground out U3 (Groundball, 34, EV 108.8 MPH)
|
| Top of the 4th over - 0 runs, 0 hits, 0 errors, 0 left on base; Brockton 7 - New Jersey 0 |
| BOTTOM OF THE 4TH |
|
New Jersey Devils batting - Pitching for Brockton Rox : RHP Mike Goodwin
|
|
Batting: LHB Bayesa Mundhir
|
0-0: Ball 1-0: Ground out 1-3 (Groundball, 23, EV 73.8 MPH)
|
|
Batting: RHB Bobby Coulombe
|
0-0: Ball 1-0: Ball 2-0: Ball 3-0: Base on Balls
|
|
Batting: RHB Gang-sheng Chew
|
0-0: Ball Bobby Coulombe steals 2nd base 1-0: Ball 2-0: Foul Ball, location: 2F 2-1: Foul Ball, location: 2F 2-2: Fly out, F8 (Flyball, 78D, EV 110.6 MPH)
|
|
Batting: RHB Chris Artz
|
0-0: Called Strike 0-1: 2-RUN HOME RUN (Flyball, 78XD, EV 104.4 MPH), Distance : 418 ft
|
|
Batting: LHB Matt Baker
|
0-0: Swinging Strike 0-1: Ball 1-1: Ball 2-1: Ball 3-1: SINGLE (Line Drive, 89M, EV 96.9 MPH)
|
|
Batting: RHB Brian Bonin
|
0-0: Ball 1-0: Called Strike 1-1: Fielders Choice at 2nd, 6-4 (Groundball, 6, EV 84.4 MPH)
|
| Bottom of the 4th over - 2 runs, 2 hits, 0 errors, 1 left on base; Brockton 7 - New Jersey 2 |
| TOP OF THE 5TH |
|
Brockton Rox batting - Pitching for New Jersey Devils : RHP Adrian Colorado
|
|
Pitching: RHP Jose Lara
|
|
|
Batting: RHB Jim Hubbard
|
0-0: SINGLE (Groundball, 34D, EV 105.6 MPH)
|
|
Batting: LHB Carlos Guerra
|
0-0: Ball 1-0: Ball 2-0: Foul Ball, location: 2F 2-1: Called Strike 2-2: Foul Ball, location: 2F 2-2: Fly out, F8 (Line Drive, 8RM, EV 89.4 MPH)
|
|
Batting: LHB Danny Montoya
|
0-0: Fly out, F7 (Flyball, 78M, EV 88.8 MPH)
|
|
Batting: RHB Ted Emmerich
|
0-0: Ball 1-0: Foul Ball, location: 2F 1-1: Ball Jim Hubbard is caught stealing 2nd base 2-4
|
| Top of the 5th over - 0 runs, 1 hit, 0 errors, 0 left on base; Brockton 7 - New Jersey 2 |
| BOTTOM OF THE 5TH |
|
New Jersey Devils batting - Pitching for Brockton Rox : RHP Mike Goodwin
|
|
Batting: SHB Jerry Burrows
|
0-0: Ball 1-0: Fly out, F7 (Flyball, 78M, EV 85.6 MPH)
|
|
Batting: RHB Mike Hanks
|
0-0: SINGLE (Line Drive, 6D, EV 107.5 MPH)
|
|
Batting: RHB Larry Shoop
|
0-0: Ball 1-0: Foul Ball, location: 2F 1-1: 2-RUN HOME RUN (Flyball, 8LXD, EV 100.0 MPH), Distance : 423 ft
|
|
Batting: LHB Bayesa Mundhir
|
0-0: Called Strike 0-1: Ball 1-1: Ball 2-1: Fly out, F8 (Flyball, 8RD, EV 82.5 MPH)
|
|
Batting: RHB Bobby Coulombe
|
0-0: Ground out 5-3 (Groundball, 56, EV 102.5 MPH)
|
| Bottom of the 5th over - 2 runs, 2 hits, 0 errors, 0 left on base; Brockton 7 - New Jersey 4 |
| TOP OF THE 6TH |
|
Brockton Rox batting - Pitching for New Jersey Devils : RHP Jose Lara
|
|
Batting: RHB Ted Emmerich
|
0-0: Ball 1-0: Ball 2-0: Foul Ball, location: 2F 2-1: Called Strike 2-2: Ground out 5-3 (Groundball, 56S, EV 83.1 MPH)
|
|
Batting: RHB Alex Melendez
|
0-0: Called Strike 0-1: Ball 1-1: Ball 2-1: Ball 3-1: Foul Ball, location: 2F 3-2: Base on Balls
|
|
Batting: RHB Josh Smith
|
0-0: Called Strike 0-1: Called Strike 0-2: Foul Ball, location: 2F 0-2: Foul Ball, location: 2F 0-2: Foul Ball, location: 2F 0-2: Strikes out swinging
|
|
Batting: RHB Travis Campbell
|
0-0: Called Strike 0-1: Ball 1-1: Ball 2-1: Foul Ball, location: 2F 2-2: Strikes out looking
|
| Top of the 6th over - 0 runs, 0 hits, 0 errors, 1 left on base; Brockton 7 - New Jersey 4 |
| BOTTOM OF THE 6TH |
|
New Jersey Devils batting - Pitching for Brockton Rox : RHP Mike Goodwin
|
|
Batting: RHB Gang-sheng Chew
|
0-0: Ball 1-0: Ground out 6-3 (Groundball, 6, EV 111.3 MPH)
|
|
Batting: RHB Chris Artz
|
0-0: SOLO HOME RUN (Flyball, 7D, EV 99.4 MPH), Distance : 371 ft
|
|
Batting: LHB Matt Baker
|
0-0: SINGLE (Line Drive, 8RS, EV 91.3 MPH)
|
|
Pitching: LHP Jon Convery
|
|
|
Batting: RHB Brian Bonin
|
0-0: Foul Ball, location: 2F 0-1: Ball 1-1: Called Strike 1-2: Ball 2-2: Foul Ball, location: 2F 2-2: Strikes out looking
|
|
Batting: SHB Jerry Burrows
|
0-0: Ball 1-0: Called Strike 1-1: Ball 2-1: Called Strike 2-2: Ball Matt Baker steals 2nd base 3-2: Foul Ball, location: 2F 3-2: Fly out, F9 (Flyball, 89M, EV 91.3 MPH)
|
| Bottom of the 6th over - 1 run, 2 hits, 0 errors, 1 left on base; Brockton 7 - New Jersey 5 |
| TOP OF THE 7TH |
|
Brockton Rox batting - Pitching for New Jersey Devils : RHP Jose Lara
|
|
Pitching: LHP Joe Edwards
|
|
|
Batting: RHB Sal Rivera
|
0-0: Ball 1-0: Foul Ball, location: 2F 1-1: Foul Ball, location: 2F 1-2: Foul Ball, location: 2F 1-2: Strikes out swinging
|
|
Batting: LHB John Buff
|
0-0: Foul Ball, location: 2F 0-1: DOUBLE (Flyball, 78D, EV 105.0 MPH)
|
|
Batting: RHB Jim Hubbard
|
0-0: Foul Ball, location: 2F 0-1: Foul Ball, location: 2F 0-2: Strikes out swinging, 2-3 out at first.
|
|
Batting: LHB Carlos Guerra
|
0-0: Ball 1-0: Called Strike 1-1: Ball 2-1: Foul Ball, location: 2F 2-2: Fly out, F9 (Flyball, 89M, EV 88.1 MPH)
|
| Top of the 7th over - 0 runs, 1 hit, 0 errors, 1 left on base; Brockton 7 - New Jersey 5 |
| BOTTOM OF THE 7TH |
|
New Jersey Devils batting - Pitching for Brockton Rox : LHP Jon Convery
|
|
Batting: RHB Mike Hanks
|
0-0: Called Strike 0-1: Foul Ball, location: 2F 0-2: Strikes out swinging
|
|
Batting: RHB Larry Shoop
|
0-0: SOLO HOME RUN (Line Drive, 8LXD, EV 107.5 MPH), Distance : 443 ft
|
|
Batting: LHB Bayesa Mundhir
|
0-0: Called Strike 0-1: Foul Ball, location: 2F 0-2: Strikes out swinging
|
|
Batting: RHB Bobby Coulombe
|
0-0: Foul Ball, location: 2F 0-1: Foul Ball, location: 2F 0-2: Strikes out swinging, 2-3 out at first.
|
| Bottom of the 7th over - 1 run, 1 hit, 0 errors, 0 left on base; Brockton 7 - New Jersey 6 |
| TOP OF THE 8TH |
|
Brockton Rox batting - Pitching for New Jersey Devils : LHP Joe Edwards
|
|
Pitching: LHP Dan Bremseth
|
|
|
Batting: LHB Danny Montoya
|
0-0: Called Strike 0-1: Ball 1-1: SOLO HOME RUN (Flyball, 9D, EV 98.8 MPH), Distance : 369 ft
|
|
Batting: RHB Ted Emmerich
|
0-0: Foul Ball, location: 2F 0-1: Swinging Strike 0-2: Foul Ball, location: 2F 0-2: Ground out 6-3 (Groundball, 56, EV 107.5 MPH)
|
|
Batting: RHB Alex Melendez
|
0-0: Called Strike 0-1: Ball 1-1: Ball 2-1: Ball 3-1: Base on Balls
|
|
Batting: RHB Josh Smith
|
0-0: DOUBLE (Flyball, 78XD, EV 96.3 MPH) Alex Melendez to third Runner from 3rd tries for Home, SAFE, throw by CF to home
|
|
Batting: RHB Travis Campbell
|
0-0: Called Strike 0-1: Ball 1-1: Called Strike 1-2: Strikes out looking
|
|
Batting: RHB Sal Rivera
|
0-0: Foul Ball, location: 2F 0-1: Called Strike 0-2: Ball 1-2: Ball Wild Pitch! Josh Smith to third 2-2: Ball 3-2: Foul Ball, location: 2F 3-2: Foul Ball, location: 2F 3-2: Strikes out swinging
|
| Top of the 8th over - 2 runs, 2 hits, 0 errors, 1 left on base; Brockton 9 - New Jersey 6 |
| BOTTOM OF THE 8TH |
|
New Jersey Devils batting - Pitching for Brockton Rox : LHP Jon Convery
|
|
Batting: RHB Gang-sheng Chew
|
0-0: Ball 1-0: Ball 2-0: Swinging Strike 2-1: Foul Ball, location: 2F 2-2: Foul Ball, location: 2F 2-2: Strikes out swinging
|
|
Batting: RHB Chris Artz
|
0-0: Foul Ball, location: 2F 0-1: Ball 1-1: Swinging Strike 1-2: Strikes out swinging
|
|
Batting: LHB Matt Baker
|
0-0: Called Strike 0-1: Swinging Strike 0-2: Ball 1-2: Strikes out swinging
|
| Bottom of the 8th over - 0 runs, 0 hits, 0 errors, 0 left on base; Brockton 9 - New Jersey 6 |
| TOP OF THE 9TH |
|
Brockton Rox batting - Pitching for New Jersey Devils : LHP Dan Bremseth
|
|
Batting: LHB John Buff
|
0-0: Called Strike 0-1: SINGLE (Groundball, 34D, EV 96.3 MPH)
|
|
Batting: RHB Jim Hubbard
|
0-0: Ball 1-0: Ball 2-0: Fielders Choice at 2nd, 4-6 (Groundball, 4, EV 85.6 MPH)
|
|
Batting: LHB Carlos Guerra
|
0-0: Fly out, F8 (Flyball, 8LS, EV 72.5 MPH)
|
|
Batting: LHB Danny Montoya
|
0-0: Foul Ball, location: 2F 0-1: Ball 1-1: Swinging Strike 1-2: Ball 2-2: SINGLE (Groundball, 56D, EV 100.6 MPH) Jim Hubbard to second
|
|
Batting: RHB Ted Emmerich
|
0-0: Called Strike 0-1: Swinging Strike 0-2: Ball 1-2: Ball 2-2: Fly out, F2 (Popup, 23F, EV 89.4 MPH)
|
| Top of the 9th over - 0 runs, 2 hits, 0 errors, 2 left on base; Brockton 9 - New Jersey 6 |
| BOTTOM OF THE 9TH |
|
New Jersey Devils batting - Pitching for Brockton Rox : LHP Jon Convery
|
|
Pitching: RHP Aaron Brannon
|
|
|
Batting: RHB Brian Bonin
|
0-0: Ball 1-0: Ball 2-0: Foul Ball, location: 2F 2-1: Called Strike 2-2: Strikes out swinging
|
|
Batting: SHB Jerry Burrows
|
0-0: Ball 1-0: Ball 2-0: Foul Ball, location: 2F 2-1: Foul Ball, location: 2F 2-2: Foul Ball, location: 2F 2-2: Strikes out swinging
|
|
Pinch Hitting: LHB Jeremy Moorehead
|
0-0: Called Strike 0-1: Ball 1-1: Foul Ball, location: 2F 1-2: Foul Ball, location: 2F 1-2: Strikes out swinging
|
| Bottom of the 9th over - 0 runs, 0 hits, 0 errors, 0 left on base; Brockton 9 - New Jersey 6 |
|